[ AOE2 MATCH · #477938488 ]
UnrankedBulgarians vs Wu
[ REPLAY ANALYSIS · EXTRACTED FROM THE RECORDED GAME ]
Feudal
8:57
Castle
—
Imperial
—
| APM avg | 57.4 |
| APM peak | 106 |
| eAPM avg | 19.5 |
| Villagers / military | 43 / 22 |
Focus
⚔️ 32.8% · 🌾 67.2%
Scout Cavalry ×21 · Spearman ×1
Feudal
8:58
Castle
—
Imperial
—
| APM avg | 83.7 |
| APM peak | 123 |
| eAPM avg | 25.6 |
| Villagers / military | 50 / 47 |
Focus
⚔️ 36.6% · 🌾 63.4%
Archer ×47
Feudal
12:05
Castle
16:07
Imperial
—
| APM avg | 44.5 |
| APM peak | 91 |
| eAPM avg | 17.7 |
| Villagers / military | 42 / 0 |
Focus
⚔️ 43.3% · 🌾 56.7%
Unknown (1908) ×10
Feudal
8:50
Castle
—
Imperial
—
| APM avg | 57.2 |
| APM peak | 84 |
| eAPM avg | 26.8 |
| Villagers / military | 58 / 32 |
Focus
⚔️ 35.4% · 🌾 64.6%
Scout Cavalry ×32
Feudal
8:59
Castle
—
Imperial
—
| APM avg | 73.0 |
| APM peak | 122 |
| eAPM avg | 25.0 |
| Villagers / military | 57 / 43 |
Focus
⚔️ 31.6% · 🌾 68.4%
Archer ×40 · Spearman ×3
Feudal
8:36
Castle
23:03
Imperial
—
| APM avg | 34.6 |
| APM peak | 78 |
| eAPM avg | 13.5 |
| Villagers / military | 42 / 15 |
Focus
⚔️ 26.6% · 🌾 73.4%
Scout Cavalry ×13 · Knight ×2
Feudal
8:52
Castle
19:45
Imperial
—
| APM avg | 51.2 |
| APM peak | 88 |
| eAPM avg | 26.4 |
| Villagers / military | 71 / 17 |
Focus
⚔️ 42.5% · 🌾 57.5%
Spearman ×8 · Militia ×6 · Monk ×3
Feudal
8:57
Castle
—
Imperial
—
| APM avg | 70.8 |
| APM peak | 115 |
| eAPM avg | 27.2 |
| Villagers / military | 43 / 27 |
Focus
⚔️ 62.9% · 🌾 37.1%
Archer ×24 · Spearman ×3
Match map
Initial resources + every placement click. Lines = walls · curves = elevation contours. ◆ gold · ⬟ stone · ● berries · ✦ relic · ◌ wall gap
Your base· ✓ Map-separated
牛牛之王王牛牛's base· ✓ Map-separated
Chase_Li's base· ✓ Map-separated
しいな まひる's base· ✓ Map-separated
4232's base· ✓ Map-separated
Semisky's base· ✓ Map-separated
黑暗中漫舞.'s base· ✓ Map-separated
冥想控's base· ✓ Map-separated
Smoothed initial terrain · ◌ = detected wall gap · hover for details
Inputs per minute
— Xialian - - 牛牛之王王牛牛
Build order — Xialian
127 actions detected in the replay
| 0:00 | Create | Villager (Male) |
| 0:02 | Build | House |
| 0:03 | Build | House |
| 0:08 | Create | Villager (Male) |
| 0:08 | Create | Villager (Male) |
| 0:08 | Create | Villager (Male) |
| 1:21 | Build | Lumber Camp |
| 1:31 | Create | Villager (Male) |
| 1:55 | Create | Villager (Male) |
| 2:19 | Create | Villager (Male) |
| 2:20 | Create | Villager (Male) |
| 2:54 | Create | Villager (Male) |
| 3:04 | Create | Villager (Male) |
| 3:16 | Build | House |
| 3:41 | Create | Villager (Male) |
| 3:56 | Create | Villager (Male) |
| 4:04 | Build | House |
| 4:25 | Build | Palisade Wall |
| 4:33 | Create | Villager (Male) |
| 4:40 | Build | Mill |
| 5:07 | Create | Villager (Male) |
| 5:07 | Create | Villager (Male) |
| 5:19 | Create | Villager (Male) |
| 5:49 | Research | Loom |
| 6:33 | Research | Feudal Age |
| 7:45 | Build | Barracks |
| 8:25 | Create | Villager (Male) |
| 8:25 | Create | Villager (Male) |
| 8:57 | Age | Feudal Age |
| 8:59 | Build | Stable |
| 9:02 | Create | Spearman |
| 9:09 | Research | Double-Bit Axe |
| 9:32 | Build | House |
| 9:46 | Create | Villager (Male) |
| 9:48 | Create | Scout Cavalry |
| 9:52 | Build | Farm |
| 9:53 | Build | Farm |
| 10:05 | Build | House |
| 10:09 | Create | Scout Cavalry |
| 10:15 | Create | Villager (Male) |
| 10:18 | Build | Farm |
| 10:27 | Create | Scout Cavalry |
| 10:31 | Build | Farm |
| 10:32 | Build | Farm |
| 10:46 | Build | House |
| 10:47 | Create | Villager (Male) |
| 11:04 | Build | Palisade Wall |
| 11:05 | Create | Scout Cavalry |
| 11:06 | Create | Villager (Male) |
| 11:26 | Create | Villager (Male) |
| 11:44 | Create | Villager (Male) |
| 11:49 | Build | Farm |
| 11:51 | Build | Farm |
| 11:53 | Create | Villager (Male) |
| 12:01 | Create | Scout Cavalry |
| 12:08 | Build | Farm |
| 12:09 | Create | Villager (Male) |
| 12:26 | Create | Scout Cavalry |
| 12:29 | Build | Farm |
| 12:41 | Build | Farm |
| 12:56 | Create | Scout Cavalry |
| 12:57 | Build | Farm |
| 13:00 | Build | Farm |
| 13:32 | Create | Villager (Male) |
| 13:34 | Create | Scout Cavalry |
| 13:51 | Create | Villager (Male) |
| 14:05 | Build | Blacksmith |
| 14:07 | Build | Farm |
| 14:20 | Create | Villager (Male) |
| 14:30 | Build | House |
| 14:40 | Create | Scout Cavalry |
| 14:45 | Build | Mining Camp |
| 15:04 | Create | Villager (Male) |
| 15:09 | Build | House |
| 15:25 | Build | Gate |
| 15:28 | Build | Stone Wall |
| 15:28 | Create | Villager (Male) |
| 15:33 | Create | Scout Cavalry |
| 15:38 | Research | Scale Barding Armor |
| 15:56 | Create | Villager (Male) |
| 16:10 | Create | Scout Cavalry |
| 16:20 | Build | Farm |
| 16:22 | Build | Farm |
| 16:23 | Research | Horse Collar |
| 16:23 | Create | Villager (Male) |
| 16:32 | Research | Forging |
| 16:49 | Research | Bloodlines |
| 16:54 | Create | Scout Cavalry |
| 17:03 | Create | Villager (Male) |
| 17:05 | Create | Scout Cavalry |
| 17:21 | Build | Lumber Camp |
| 17:25 | Create | Villager (Male) |
| 17:39 | Create | Scout Cavalry |
| 17:40 | Create | Villager (Male) |
| 17:44 | Create | Villager (Male) |
| 17:57 | Create | Scout Cavalry |
| 17:58 | Create | Villager (Male) |
| 18:18 | Build | Farm |
| 18:19 | Build | Farm |
| 18:31 | Build | Lumber Camp |
| 18:40 | Create | Scout Cavalry |
| 19:15 | Create | Scout Cavalry |
| 19:23 | Build | Farm |
| 19:26 | Build | Farm |
| 19:27 | Create | Villager (Male) |
| 19:33 | Build | Farm |
| 19:35 | Build | Farm |
| 19:37 | Build | Farm |
| 19:43 | Build | Farm |
| 19:45 | Create | Villager (Male) |
| 20:03 | Create | Villager (Male) |
| 20:08 | Create | Scout Cavalry |
| 20:32 | Build | House |
| 20:41 | Create | Scout Cavalry |
| 20:42 | Create | Villager (Male) |
| 20:46 | Research | Wheelbarrow |
| 20:50 | Build | Farm |
| 20:53 | Build | Farm |
| 20:56 | Build | Farm |
| 20:59 | Build | Farm |
| 21:41 | Create | Scout Cavalry |
| 22:05 | Create | Villager (Male) |
| 22:10 | Build | House |
| 22:11 | Build | House |
| 22:26 | Research | Castle Age |
| 23:01 | Build | House |
| 23:04 | Create | Scout Cavalry |
Build order — 牛牛之王王牛牛
143 actions detected in the replay
| 0:04 | Build | House |
| 0:04 | Create | Villager (Male) |
| 0:05 | Create | Villager (Male) |
| 0:05 | Create | Villager (Male) |
| 0:06 | Build | House |
| 0:38 | Create | Villager (Male) |
| 1:34 | Create | Villager (Male) |
| 2:09 | Create | Villager (Male) |
| 2:09 | Create | Villager (Male) |
| 2:13 | Build | Lumber Camp |
| 2:28 | Create | Villager (Male) |
| 2:51 | Create | Villager (Male) |
| 3:19 | Create | Villager (Male) |
| 3:19 | Create | Villager (Male) |
| 3:19 | Create | Villager (Male) |
| 4:00 | Build | House |
| 4:15 | Build | House |
| 4:18 | Create | Villager (Male) |
| 4:18 | Create | Villager (Male) |
| 4:43 | Create | Villager (Male) |
| 4:43 | Create | Villager (Male) |
| 5:25 | Build | Mining Camp |
| 5:29 | Create | Villager (Male) |
| 5:53 | Create | Villager (Male) |
| 6:00 | Research | Loom |
| 6:38 | Research | Feudal Age |
| 7:16 | Create | Villager (Male) |
| 7:17 | Create | Villager (Male) |
| 8:00 | Build | Barracks |
| 8:58 | Age | Feudal Age |
| 9:01 | Build | Archery Range |
| 9:02 | Build | Archery Range |
| 9:30 | Create | Villager (Male) |
| 9:32 | Build | Blacksmith |
| 9:53 | Create | Villager (Male) |
| 9:56 | Create | Archer |
| 10:01 | Build | House |
| 10:06 | Build | House |
| 10:10 | Create | Archer |
| 10:11 | Create | Archer |
| 10:36 | Create | Villager (Male) |
| 10:38 | Create | Archer |
| 11:04 | Research | Fletching |
| 11:04 | Create | Villager (Male) |
| 11:10 | Build | Mill |
| 11:27 | Create | Archer |
| 11:27 | Create | Archer |
| 11:28 | Create | Villager (Male) |
| 11:28 | Create | Villager (Male) |
| 11:42 | Create | Archer |
| 11:53 | Create | Villager (Male) |
| 12:10 | Create | Archer |
| 12:10 | Create | Archer |
| 12:16 | Create | Archer |
| 12:17 | Create | Villager (Male) |
| 12:26 | Build | Farm |
| 12:29 | Build | Farm |
| 12:32 | Create | Villager (Male) |
| 12:34 | Create | Archer |
| 12:34 | Create | Archer |
| 12:43 | Build | House |
| 12:50 | Create | Archer |
| 12:51 | Create | Villager (Male) |
| 12:51 | Create | Villager (Male) |
| 12:57 | Build | House |
| 13:11 | Create | Archer |
| 13:21 | Create | Archer |
| 13:26 | Research | Padded Archer Armor |
| 13:38 | Create | Villager (Male) |
| 13:39 | Create | Archer |
| 14:01 | Create | Archer |
| 14:01 | Create | Archer |
| 14:03 | Create | Villager (Male) |
| 14:25 | Build | Farm |
| 14:26 | Build | Farm |
| 14:30 | Create | Archer |
| 14:37 | Build | House |
| 14:38 | Build | House |
| 14:43 | Create | Villager (Male) |
| 14:52 | Create | Villager (Male) |
| 14:52 | Create | Archer |
| 15:09 | Create | Archer |
| 15:17 | Create | Archer |
| 15:24 | Build | Farm |
| 15:40 | Create | Archer |
| 15:41 | Create | Villager (Male) |
| 15:42 | Create | Archer |
| 16:08 | Create | Villager (Male) |
| 16:22 | Create | Villager (Male) |
| 16:26 | Build | House |
| 16:29 | Build | House |
| 16:34 | Create | Archer |
| 16:34 | Create | Archer |
| 16:37 | Build | Farm |
| 16:37 | Build | Farm |
| 16:59 | Create | Archer |
| 16:59 | Create | Archer |
| 17:00 | Create | Villager (Male) |
| 17:31 | Create | Archer |
| 17:31 | Create | Archer |
| 17:37 | Create | Archer |
| 17:38 | Create | Villager (Male) |
| 17:38 | Create | Villager (Male) |
| 17:59 | Create | Archer |
| 17:59 | Create | Archer |
| 18:08 | Create | Villager (Male) |
| 18:08 | Create | Villager (Male) |
| 18:37 | Create | Archer |
| 18:37 | Create | Archer |
| 18:42 | Create | Villager (Male) |
| 18:44 | Build | Farm |
| 18:44 | Build | Farm |
| 18:45 | Build | Farm |
| 18:45 | Build | Farm |
| 18:52 | Create | Archer |
| 19:17 | Create | Archer |
| 19:36 | Create | Archer |
| 19:37 | Create | Villager (Male) |
| 19:37 | Create | Villager (Male) |
| 19:47 | Build | Farm |
| 19:47 | Build | Farm |
| 20:13 | Create | Villager (Male) |
| 20:17 | Build | Lumber Camp |
| 20:41 | Create | Villager (Male) |
| 20:48 | Build | Lumber Camp |
| 21:40 | Research | Castle Age |
| 21:41 | Create | Archer |
| 21:41 | Create | Archer |
| 21:42 | Create | Villager (Male) |
| 21:43 | Create | Villager (Male) |
| 21:58 | Create | Archer |
| 21:58 | Create | Archer |
| 22:21 | Create | Archer |
| 22:21 | Create | Archer |
| 22:24 | Build | House |
| 22:24 | Build | House |
| 22:24 | Build | House |
| 22:24 | Build | House |
| 22:38 | Create | Archer |
| 22:39 | Create | Archer |
| 22:53 | Build | Watch Tower |
| 23:04 | Build | House |
| 23:09 | Create | Archer |
Build order — Chase_Li
114 actions detected in the replay
| 0:01 | Create | Villager (Male) |
| 0:03 | Build | House |
| 0:05 | Build | House |
| 0:34 | Create | Villager (Male) |
| 0:34 | Create | Villager (Male) |
| 0:34 | Create | Villager (Male) |
| 0:34 | Create | Villager (Male) |
| 1:32 | Create | Villager (Male) |
| 1:41 | Create | Villager (Male) |
| 2:04 | Build | Lumber Camp |
| 2:38 | Create | Villager (Male) |
| 2:56 | Create | Villager (Male) |
| 3:17 | Build | House |
| 3:21 | Create | Villager (Male) |
| 3:54 | Create | Villager (Male) |
| 4:19 | Create | Villager (Male) |
| 4:32 | Create | Villager (Male) |
| 4:46 | Create | Villager (Male) |
| 5:15 | Create | Villager (Male) |
| 5:20 | Build | House |
| 5:36 | Create | Villager (Male) |
| 6:03 | Create | Villager (Male) |
| 6:22 | Build | Mill |
| 6:46 | Create | Villager (Male) |
| 7:01 | Build | Palisade Wall |
| 7:14 | Create | Villager (Male) |
| 7:18 | Build | Mining Camp |
| 7:24 | Research | Loom |
| 7:35 | Build | House |
| 7:42 | Create | Villager (Male) |
| 7:52 | Create | Villager (Male) |
| 7:58 | Create | Villager (Male) |
| 8:19 | Create | Villager (Male) |
| 8:22 | Build | Palisade Wall |
| 9:00 | Build | House |
| 9:15 | Build | Mill |
| 9:46 | Build | House |
| 9:47 | Build | Palisade Wall |
| 9:55 | Research | Feudal Age |
| 10:00 | Build | Mining Camp |
| 10:29 | Create | Villager (Male) |
| 10:51 | Create | Villager (Male) |
| 10:54 | Build | House |
| 12:05 | Age | Feudal Age |
| 12:16 | Build | Market |
| 12:32 | Build | Blacksmith |
| 13:02 | Create | Villager (Male) |
| 13:16 | Research | Castle Age |
| 13:37 | Build | Stone Wall |
| 13:38 | Build | Stone Wall |
| 13:43 | Build | Stone Wall |
| 13:47 | Build | Stone Wall |
| 13:50 | Build | Stone Wall |
| 14:09 | Research | Double-Bit Axe |
| 14:19 | Build | Farm |
| 14:25 | Build | Farm |
| 14:27 | Build | Farm |
| 14:29 | Build | Farm |
| 14:34 | Research | Horse Collar |
| 14:49 | Build | Palisade Wall |
| 15:05 | Build | Farm |
| 15:42 | Build | Palisade Wall |
| 16:04 | Create | Villager (Male) |
| 16:07 | Age | Castle Age |
| 16:22 | Build | Castle |
| 16:35 | Create | Villager (Male) |
| 16:35 | Research | Town Watch |
| 16:49 | Build | Palisade Wall |
| 16:50 | Build | Palisade Wall |
| 16:54 | Build | Palisade Wall |
| 17:03 | Create | Villager (Male) |
| 17:05 | Build | Farm |
| 17:20 | Build | House |
| 17:22 | Create | Villager (Male) |
| 17:50 | Build | House |
| 18:15 | Create | Villager (Male) |
| 18:18 | Build | Farm |
| 18:43 | Create | Villager (Male) |
| 18:46 | Build | Castle |
| 19:02 | Build | Stone Wall |
| 19:11 | Create | Villager (Male) |
| 19:29 | Create | Unit 1908 |
| 19:33 | Research | Scale Barding Armor |
| 19:35 | Create | Villager (Male) |
| 19:37 | Build | Farm |
| 19:38 | Create | Villager (Male) |
| 19:57 | Create | Unit 1908 |
| 20:03 | Create | Unit 1908 |
| 20:04 | Create | Villager (Male) |
| 20:08 | Build | Farm |
| 20:10 | Build | Farm |
| 20:21 | Create | Unit 1908 |
| 20:41 | Create | Unit 1908 |
| 20:45 | Build | Farm |
| 20:45 | Build | Farm |
| 20:45 | Build | Farm |
| 20:46 | Create | Villager (Male) |
| 21:04 | Create | Unit 1908 |
| 21:26 | Create | Villager (Male) |
| 21:36 | Create | Unit 1908 |
| 21:43 | Build | Farm |
| 21:43 | Build | Farm |
| 21:43 | Build | Farm |
| 22:00 | Create | Unit 1908 |
| 22:10 | Create | Villager (Male) |
| 22:29 | Create | Villager (Male) |
| 22:30 | Create | Villager (Male) |
| 22:35 | Create | Unit 1908 |
| 22:49 | Build | Farm |
| 23:10 | Create | Villager (Male) |
| 23:13 | Build | Farm |
| 23:13 | Build | Farm |
| 23:13 | Build | Farm |
| 23:20 | Create | Unit 1908 |
Build order — しいな まひる
First 150 of 156 actions detected
| 0:00 | Create | Villager (Male) |
| 0:00 | Create | Villager (Male) |
| 0:00 | Create | Villager (Male) |
| 0:02 | Build | House |
| 0:03 | Build | House |
| 0:13 | Create | Villager (Male) |
| 1:23 | Create | Villager (Male) |
| 1:53 | Create | Villager (Male) |
| 1:53 | Create | Villager (Male) |
| 2:24 | Create | Villager (Male) |
| 2:54 | Create | Villager (Male) |
| 3:16 | Build | Lumber Camp |
| 3:19 | Create | Villager (Male) |
| 3:19 | Create | Villager (Male) |
| 3:24 | Build | House |
| 3:27 | Build | House |
| 3:43 | Create | Villager (Male) |
| 3:52 | Create | Villager (Male) |
| 3:52 | Create | Villager (Male) |
| 4:16 | Create | Villager (Male) |
| 4:37 | Create | Villager (Male) |
| 5:08 | Create | Villager (Male) |
| 5:09 | Research | Loom |
| 5:11 | Build | Mill |
| 6:40 | Research | Feudal Age |
| 6:41 | Research | Feudal Age |
| 7:28 | Build | Barracks |
| 7:46 | Create | Villager (Male) |
| 8:38 | Create | Villager (Male) |
| 8:50 | Age | Feudal Age |
| 8:59 | Build | Stable |
| 9:07 | Research | Double-Bit Axe |
| 9:07 | Research | Double-Bit Axe |
| 9:27 | Create | Villager (Male) |
| 9:42 | Create | Scout Cavalry |
| 9:42 | Create | Scout Cavalry |
| 9:43 | Create | Villager (Male) |
| 9:52 | Build | House |
| 10:03 | Create | Villager (Male) |
| 10:13 | Create | Scout Cavalry |
| 10:18 | Build | Blacksmith |
| 10:31 | Create | Villager (Male) |
| 10:32 | Build | Farm |
| 10:46 | Create | Scout Cavalry |
| 10:53 | Create | Villager (Male) |
| 10:58 | Build | Farm |
| 11:00 | Build | House |
| 11:05 | Create | Scout Cavalry |
| 11:21 | Build | Farm |
| 11:29 | Create | Villager (Male) |
| 11:31 | Build | Farm |
| 11:59 | Research | Scale Barding Armor |
| 12:08 | Create | Villager (Male) |
| 12:11 | Build | Farm |
| 12:14 | Build | Farm |
| 12:20 | Create | Scout Cavalry |
| 12:20 | Create | Scout Cavalry |
| 12:24 | Build | House |
| 12:34 | Build | Farm |
| 12:40 | Create | Villager (Male) |
| 12:50 | Create | Scout Cavalry |
| 12:52 | Build | Farm |
| 13:03 | Build | Farm |
| 13:09 | Create | Villager (Male) |
| 13:09 | Create | Villager (Male) |
| 13:25 | Build | Farm |
| 13:27 | Build | Farm |
| 13:29 | Create | Scout Cavalry |
| 13:39 | Build | Farm |
| 13:50 | Create | Villager (Male) |
| 14:06 | Create | Scout Cavalry |
| 14:11 | Build | Farm |
| 14:17 | Create | Villager (Male) |
| 14:17 | Create | Villager (Male) |
| 14:29 | Build | Farm |
| 14:35 | Create | Villager (Male) |
| 14:35 | Create | Villager (Male) |
| 14:36 | Create | Villager (Male) |
| 14:39 | Build | House |
| 14:44 | Create | Scout Cavalry |
| 14:46 | Create | Villager (Male) |
| 14:51 | Build | House |
| 15:02 | Create | Scout Cavalry |
| 15:13 | Create | Villager (Male) |
| 15:18 | Build | Farm |
| 15:32 | Research | Forging |
| 15:32 | Research | Forging |
| 15:58 | Build | Farm |
| 15:58 | Build | Farm |
| 16:03 | Create | Scout Cavalry |
| 16:06 | Create | Villager (Male) |
| 16:06 | Create | Villager (Male) |
| 16:06 | Create | Villager (Male) |
| 16:12 | Build | Farm |
| 16:14 | Build | Farm |
| 16:37 | Create | Scout Cavalry |
| 16:39 | Create | Villager (Male) |
| 16:52 | Create | Scout Cavalry |
| 17:04 | Build | Stable |
| 17:12 | Research | Bloodlines |
| 17:29 | Build | Lumber Camp |
| 17:29 | Create | Villager (Male) |
| 17:32 | Create | Scout Cavalry |
| 17:33 | Create | Villager (Male) |
| 17:34 | Create | Villager (Male) |
| 17:56 | Create | Scout Cavalry |
| 18:02 | Build | House |
| 18:03 | Build | Palisade Wall |
| 18:12 | Build | Palisade Wall |
| 18:14 | Create | Scout Cavalry |
| 18:14 | Create | Scout Cavalry |
| 18:22 | Create | Villager (Male) |
| 18:23 | Create | Villager (Male) |
| 18:26 | Build | House |
| 18:30 | Build | House |
| 18:32 | Build | Palisade Wall |
| 18:38 | Create | Villager (Male) |
| 18:39 | Create | Villager (Male) |
| 18:39 | Create | Villager (Male) |
| 18:41 | Build | Stable |
| 18:57 | Create | Scout Cavalry |
| 19:10 | Build | Farm |
| 19:17 | Build | House |
| 19:18 | Build | Palisade Wall |
| 19:20 | Create | Scout Cavalry |
| 19:21 | Create | Scout Cavalry |
| 19:24 | Create | Villager (Male) |
| 19:26 | Build | Farm |
| 19:32 | Create | Scout Cavalry |
| 19:37 | Build | Farm |
| 19:40 | Create | Scout Cavalry |
| 19:40 | Create | Scout Cavalry |
| 19:45 | Build | Farm |
| 19:51 | Build | Farm |
| 19:52 | Create | Scout Cavalry |
| 19:53 | Create | Scout Cavalry |
| 20:00 | Build | Farm |
| 20:15 | Create | Scout Cavalry |
| 20:15 | Create | Scout Cavalry |
| 20:18 | Create | Villager (Male) |
| 20:18 | Create | Villager (Male) |
| 20:21 | Build | Farm |
| 20:33 | Create | Scout Cavalry |
| 20:40 | Create | Scout Cavalry |
| 20:40 | Create | Scout Cavalry |
| 20:43 | Build | House |
| 20:47 | Create | Villager (Male) |
| 20:57 | Build | Farm |
| 21:12 | Create | Villager (Male) |
| 21:27 | Build | Mining Camp |
Build order — 4232
First 150 of 160 actions detected
| 0:00 | Create | Villager (Male) |
| 0:00 | Create | Villager (Male) |
| 0:01 | Create | Villager (Male) |
| 0:02 | Build | House |
| 0:03 | Build | House |
| 0:05 | Create | Villager (Male) |
| 0:05 | Create | Villager (Male) |
| 1:23 | Create | Villager (Male) |
| 1:23 | Create | Villager (Male) |
| 1:54 | Create | Villager (Male) |
| 2:09 | Create | Villager (Male) |
| 2:42 | Create | Villager (Male) |
| 3:14 | Build | Settlement |
| 3:15 | Create | Villager (Male) |
| 3:23 | Create | Villager (Male) |
| 4:00 | Create | Villager (Male) |
| 4:33 | Create | Villager (Male) |
| 4:35 | Create | Villager (Male) |
| 5:29 | Create | Villager (Male) |
| 5:38 | Create | Villager (Male) |
| 5:48 | Research | Loom |
| 6:03 | Create | Villager (Male) |
| 6:12 | Build | Settlement |
| 6:25 | Create | Villager (Male) |
| 6:49 | Research | Feudal Age |
| 6:49 | Research | Feudal Age |
| 8:15 | Build | Barracks |
| 8:27 | Create | Villager (Male) |
| 8:59 | Age | Feudal Age |
| 9:01 | Build | Archery Range |
| 9:08 | Research | Double-Bit Axe |
| 9:25 | Create | Villager (Male) |
| 9:47 | Create | Archer |
| 9:50 | Create | Villager (Male) |
| 10:09 | Create | Villager (Male) |
| 10:20 | Build | Farm |
| 10:24 | Create | Archer |
| 10:28 | Build | Blacksmith |
| 10:30 | Create | Villager (Male) |
| 10:59 | Create | Villager (Male) |
| 11:01 | Create | Archer |
| 11:06 | Create | Villager (Male) |
| 11:08 | Build | Archery Range |
| 11:14 | Research | Fletching |
| 11:14 | Research | Fletching |
| 11:52 | Build | Settlement |
| 11:56 | Create | Villager (Male) |
| 11:56 | Create | Villager (Male) |
| 11:59 | Create | Archer |
| 11:59 | Create | Archer |
| 12:02 | Build | House |
| 12:17 | Create | Archer |
| 12:39 | Create | Archer |
| 12:48 | Build | Farm |
| 13:12 | Create | Villager (Male) |
| 13:13 | Create | Archer |
| 13:16 | Create | Villager (Male) |
| 13:39 | Build | Farm |
| 13:40 | Build | Farm |
| 13:41 | Build | Farm |
| 13:43 | Create | Archer |
| 13:43 | Create | Archer |
| 13:51 | Create | Archer |
| 14:07 | Create | Villager (Male) |
| 14:09 | Build | Farm |
| 14:17 | Create | Archer |
| 14:30 | Build | Farm |
| 14:39 | Create | Villager (Male) |
| 14:39 | Create | Villager (Male) |
| 14:45 | Build | Farm |
| 14:48 | Create | Archer |
| 14:48 | Create | Archer |
| 15:03 | Build | Farm |
| 15:08 | Build | Farm |
| 15:09 | Create | Villager (Male) |
| 15:10 | Create | Villager (Male) |
| 15:38 | Create | Villager (Male) |
| 15:38 | Create | Villager (Male) |
| 15:39 | Build | Farm |
| 15:42 | Create | Archer |
| 15:42 | Create | Archer |
| 15:42 | Create | Archer |
| 15:44 | Create | Villager (Male) |
| 15:54 | Create | Spearman |
| 16:07 | Build | Farm |
| 16:09 | Create | Archer |
| 16:09 | Create | Archer |
| 16:10 | Create | Archer |
| 16:14 | Create | Villager (Male) |
| 16:18 | Create | Spearman |
| 16:32 | Create | Villager (Male) |
| 16:35 | Build | Farm |
| 16:52 | Create | Spearman |
| 16:57 | Create | Villager (Male) |
| 17:07 | Create | Villager (Male) |
| 17:11 | Build | Farm |
| 17:19 | Create | Villager (Male) |
| 17:26 | Create | Archer |
| 17:26 | Create | Archer |
| 17:27 | Build | Farm |
| 18:03 | Create | Villager (Male) |
| 18:15 | Create | Villager (Male) |
| 18:16 | Create | Archer |
| 18:16 | Create | Archer |
| 18:17 | Create | Villager (Male) |
| 18:19 | Build | Farm |
| 18:33 | Create | Archer |
| 18:33 | Create | Archer |
| 18:38 | Create | Villager (Male) |
| 18:39 | Build | Farm |
| 18:39 | Create | Villager (Male) |
| 18:41 | Build | Farm |
| 18:45 | Build | House |
| 18:46 | Build | Palisade Wall |
| 18:46 | Build | Palisade Wall |
| 18:47 | Build | Palisade Wall |
| 18:49 | Build | Palisade Wall |
| 18:57 | Create | Villager (Male) |
| 19:15 | Create | Villager (Male) |
| 19:21 | Build | Farm |
| 19:23 | Build | Farm |
| 19:25 | Build | Farm |
| 19:29 | Create | Archer |
| 19:29 | Create | Archer |
| 19:50 | Create | Archer |
| 19:50 | Create | Archer |
| 19:51 | Create | Villager (Male) |
| 19:55 | Build | House |
| 19:57 | Build | Palisade Wall |
| 20:01 | Create | Archer |
| 20:01 | Create | Archer |
| 20:02 | Create | Villager (Male) |
| 20:09 | Build | Palisade Wall |
| 20:27 | Create | Villager (Male) |
| 20:31 | Build | House |
| 20:50 | Research | Castle Age |
| 20:50 | Research | Castle Age |
| 21:02 | Build | House |
| 21:04 | Build | Palisade Wall |
| 21:32 | Create | Archer |
| 21:44 | Create | Archer |
| 21:45 | Create | Villager (Male) |
| 21:48 | Create | Villager (Male) |
| 21:53 | Build | House |
| 22:15 | Create | Archer |
| 22:15 | Create | Archer |
| 22:16 | Create | Villager (Male) |
| 22:21 | Build | Archery Range |
| 22:30 | Create | Archer |
| 22:31 | Create | Villager (Male) |
Build order — Semisky
119 actions detected in the replay
| 0:00 | Create | Villager (Male) |
| 0:01 | Create | Villager (Male) |
| 0:01 | Create | Villager (Male) |
| 0:01 | Create | Villager (Male) |
| 0:02 | Build | House |
| 0:04 | Build | House |
| 1:29 | Create | Villager (Male) |
| 1:57 | Build | Mule Cart |
| 2:00 | Create | Villager (Male) |
| 2:33 | Create | Villager (Male) |
| 2:53 | Create | Villager (Male) |
| 3:17 | Build | House |
| 3:21 | Create | Villager (Male) |
| 3:34 | Create | Villager (Male) |
| 3:48 | Create | Villager (Male) |
| 4:33 | Create | Villager (Male) |
| 4:42 | Create | Villager (Male) |
| 5:06 | Create | Villager (Male) |
| 5:31 | Build | Barracks |
| 5:41 | Research | Loom |
| 6:26 | Research | Feudal Age |
| 6:57 | Build | House |
| 7:14 | Create | Villager (Male) |
| 7:14 | Create | Villager (Male) |
| 7:24 | Build | Mill |
| 8:36 | Age | Feudal Age |
| 8:42 | Build | Stable |
| 9:13 | Build | Farm |
| 9:19 | Create | Villager (Male) |
| 9:27 | Create | Scout Cavalry |
| 9:27 | Create | Scout Cavalry |
| 9:36 | Create | Villager (Male) |
| 9:40 | Build | Farm |
| 9:49 | Create | Villager (Male) |
| 9:58 | Build | Farm |
| 10:04 | Create | Villager (Male) |
| 10:13 | Build | House |
| 10:16 | Build | Palisade Wall |
| 10:27 | Create | Villager (Male) |
| 10:28 | Create | Scout Cavalry |
| 10:52 | Create | Villager (Male) |
| 10:59 | Build | Farm |
| 11:02 | Build | Farm |
| 11:07 | Build | Palisade Wall |
| 11:20 | Create | Villager (Male) |
| 11:26 | Build | Farm |
| 11:31 | Build | House |
| 11:34 | Build | Palisade Wall |
| 11:46 | Build | Farm |
| 11:53 | Build | Farm |
| 12:00 | Research | Double-Bit Axe |
| 12:17 | Create | Villager (Male) |
| 12:42 | Create | Scout Cavalry |
| 12:46 | Build | Farm |
| 12:48 | Build | Farm |
| 12:55 | Create | Villager (Male) |
| 13:05 | Create | Scout Cavalry |
| 13:16 | Build | House |
| 13:26 | Build | Farm |
| 13:28 | Build | Farm |
| 13:42 | Create | Villager (Male) |
| 13:52 | Build | Blacksmith |
| 14:24 | Create | Villager (Male) |
| 14:24 | Create | Villager (Male) |
| 14:27 | Build | Farm |
| 14:28 | Build | Farm |
| 14:30 | Create | Scout Cavalry |
| 14:30 | Create | Scout Cavalry |
| 14:43 | Build | House |
| 15:00 | Create | Villager (Male) |
| 15:26 | Build | House |
| 15:28 | Build | House |
| 15:28 | Research | Forging |
| 15:29 | Create | Villager (Male) |
| 15:31 | Build | Farm |
| 15:45 | Create | Villager (Male) |
| 16:06 | Create | Scout Cavalry |
| 16:08 | Create | Scout Cavalry |
| 16:11 | Build | Mule Cart |
| 16:26 | Create | Villager (Male) |
| 16:34 | Build | House |
| 16:55 | Create | Villager (Male) |
| 17:06 | Build | Farm |
| 17:19 | Create | Villager (Male) |
| 17:30 | Build | Farm |
| 17:33 | Research | Scale Barding Armor |
| 17:36 | Research | Bloodlines |
| 17:44 | Create | Villager (Male) |
| 18:17 | Create | Villager (Male) |
| 18:17 | Create | Villager (Male) |
| 18:53 | Create | Villager (Male) |
| 18:54 | Build | Farm |
| 18:55 | Build | Farm |
| 18:55 | Build | Farm |
| 18:56 | Research | Horse Collar |
| 19:19 | Build | Palisade Wall |
| 19:23 | Build | Farm |
| 19:24 | Build | Farm |
| 19:25 | Build | Farm |
| 19:26 | Build | Farm |
| 19:32 | Create | Villager (Male) |
| 19:38 | Build | Market |
| 20:23 | Research | Castle Age |
| 21:09 | Build | Stable |
| 21:13 | Create | Villager (Male) |
| 21:14 | Create | Villager (Male) |
| 21:38 | Research | Gold Mining |
| 22:09 | Create | Villager (Male) |
| 22:28 | Create | Scout Cavalry |
| 22:29 | Create | Scout Cavalry |
| 22:32 | Build | Palisade Wall |
| 22:37 | Build | Mule Cart |
| 22:44 | Create | Scout Cavalry |
| 22:44 | Create | Scout Cavalry |
| 23:03 | Age | Castle Age |
| 23:06 | Create | Knight |
| 23:06 | Create | Knight |
| 23:09 | Research | Iron Casting |
| 23:26 | Build | Farm |
Build order — 黑暗中漫舞.
First 150 of 161 actions detected
| 0:02 | Create | Villager (Male) |
| 0:02 | Create | Villager (Male) |
| 0:02 | Create | Villager (Male) |
| 0:02 | Create | Villager (Male) |
| 0:03 | Build | House |
| 0:04 | Build | House |
| 1:10 | Create | Villager (Male) |
| 1:10 | Create | Villager (Male) |
| 1:48 | Build | Lumber Camp |
| 2:02 | Create | Villager (Male) |
| 2:04 | Create | Villager (Male) |
| 2:05 | Create | Villager (Male) |
| 2:43 | Create | Villager (Male) |
| 2:43 | Create | Villager (Male) |
| 2:51 | Create | Villager (Male) |
| 2:51 | Create | Villager (Male) |
| 2:51 | Create | Villager (Male) |
| 3:43 | Create | Villager (Male) |
| 3:44 | Create | Villager (Male) |
| 3:54 | Build | House |
| 4:05 | Create | Villager (Male) |
| 4:05 | Create | Villager (Male) |
| 4:06 | Create | Villager (Male) |
| 4:06 | Create | Villager (Male) |
| 4:54 | Build | Barracks |
| 5:26 | Create | Villager (Male) |
| 5:26 | Create | Villager (Male) |
| 5:26 | Create | Villager (Male) |
| 5:27 | Create | Villager (Male) |
| 5:31 | Research | Loom |
| 5:36 | Build | House |
| 6:41 | Research | Feudal Age |
| 6:42 | Research | Feudal Age |
| 6:42 | Research | Feudal Age |
| 6:54 | Create | Militia |
| 6:54 | Create | Militia |
| 7:03 | Build | Mill |
| 7:17 | Create | Militia |
| 7:17 | Create | Militia |
| 7:41 | Build | House |
| 7:47 | Create | Militia |
| 7:47 | Create | Militia |
| 8:08 | Build | House |
| 8:19 | Create | Villager (Male) |
| 8:52 | Age | Feudal Age |
| 8:52 | Research | Man-at-Arms (upgrade) |
| 8:53 | Research | Man-at-Arms (upgrade) |
| 9:13 | Create | Villager (Male) |
| 9:14 | Research | Double-Bit Axe |
| 9:14 | Research | Double-Bit Axe |
| 9:18 | Build | Farm |
| 9:20 | Build | Farm |
| 9:37 | Create | Villager (Male) |
| 9:50 | Build | Farm |
| 10:00 | Build | Farm |
| 10:02 | Create | Villager (Male) |
| 10:02 | Create | Villager (Male) |
| 10:03 | Create | Villager (Male) |
| 10:17 | Create | Villager (Male) |
| 10:20 | Build | Farm |
| 10:54 | Create | Villager (Male) |
| 10:57 | Build | Farm |
| 10:58 | Create | Spearman |
| 11:04 | Build | House |
| 11:05 | Build | Palisade Wall |
| 11:16 | Create | Villager (Male) |
| 11:32 | Create | Spearman |
| 11:39 | Create | Villager (Male) |
| 11:41 | Build | Farm |
| 11:49 | Create | Villager (Male) |
| 12:05 | Create | Villager (Male) |
| 12:08 | Build | Palisade Wall |
| 12:18 | Build | Farm |
| 12:29 | Build | House |
| 12:37 | Create | Villager (Male) |
| 13:02 | Create | Villager (Male) |
| 13:07 | Build | Palisade Gate |
| 13:19 | Create | Villager (Male) |
| 13:37 | Create | Spearman |
| 13:40 | Build | Mining Camp |
| 13:45 | Build | House |
| 14:15 | Create | Villager (Male) |
| 14:34 | Build | Farm |
| 14:36 | Create | Villager (Male) |
| 14:42 | Create | Villager (Male) |
| 14:47 | Build | Blacksmith |
| 15:05 | Create | Villager (Male) |
| 15:23 | Build | Lumber Camp |
| 16:00 | Build | Lumber Camp |
| 16:02 | Create | Villager (Male) |
| 16:21 | Build | Market |
| 16:31 | Create | Villager (Male) |
| 16:35 | Research | Horse Collar |
| 16:35 | Research | Horse Collar |
| 16:51 | Create | Spearman |
| 16:51 | Create | Villager (Male) |
| 17:05 | Research | Castle Age |
| 17:05 | Research | Castle Age |
| 17:39 | Build | Farm |
| 17:40 | Build | Farm |
| 17:40 | Build | Farm |
| 18:20 | Research | Gold Mining |
| 18:20 | Research | Gold Mining |
| 18:20 | Research | Stone Mining |
| 18:21 | Research | Stone Mining |
| 18:25 | Create | Villager (Male) |
| 19:45 | Age | Castle Age |
| 19:48 | Build | Town Center |
| 19:48 | Create | Villager (Male) |
| 19:50 | Build | Town Center |
| 19:51 | Build | Monastery |
| 19:53 | Research | Bow Saw |
| 19:53 | Research | Bow Saw |
| 19:56 | Create | Villager (Male) |
| 20:09 | Research | Heavy Plow |
| 20:09 | Research | Heavy Plow |
| 20:11 | Create | Villager (Male) |
| 20:21 | Create | Villager (Male) |
| 20:23 | Build | Farm |
| 20:26 | Create | Spearman |
| 20:26 | Create | Spearman |
| 20:26 | Create | Spearman |
| 20:27 | Create | Spearman |
| 20:44 | Build | Mining Camp |
| 20:53 | Build | Farm |
| 20:55 | Create | Monk |
| 21:01 | Create | Villager (Male) |
| 21:08 | Build | Farm |
| 21:14 | Create | Villager (Male) |
| 21:19 | Research | Wheelbarrow |
| 21:19 | Research | Wheelbarrow |
| 21:19 | Research | Wheelbarrow |
| 21:24 | Create | Villager (Male) |
| 21:28 | Create | Villager (Male) |
| 21:30 | Build | Farm |
| 21:31 | Create | Villager (Male) |
| 21:40 | Create | Villager (Male) |
| 21:51 | Build | Farm |
| 21:53 | Create | Villager (Male) |
| 21:55 | Build | Farm |
| 22:05 | Create | Villager (Male) |
| 22:17 | Build | Farm |
| 22:17 | Create | Villager (Male) |
| 22:27 | Create | Monk |
| 22:28 | Create | Villager (Male) |
| 22:29 | Create | Villager (Male) |
| 22:29 | Create | Villager (Male) |
| 22:39 | Create | Villager (Male) |
| 22:39 | Create | Villager (Male) |
| 22:44 | Build | Town Center |
Build order — 冥想控
121 actions detected in the replay
| 0:03 | Create | Villager (Male) ×4 |
| 0:03 | Create | Villager (Male) ×4 |
| 0:04 | Build | House |
| 0:06 | Build | House |
| 1:24 | Create | Villager (Male) |
| 2:01 | Create | Villager (Male) |
| 2:14 | Create | Villager (Male) |
| 2:45 | Build | Lumber Camp |
| 2:49 | Create | Villager (Male) |
| 3:01 | Create | Villager (Male) |
| 3:49 | Create | Villager (Male) |
| 4:07 | Build | House |
| 4:10 | Create | Villager (Male) |
| 4:37 | Create | Villager (Male) |
| 5:01 | Create | Villager (Male) |
| 5:18 | Build | Mining Camp |
| 5:26 | Create | Villager (Male) |
| 5:51 | Create | Villager (Male) |
| 6:12 | Research | Loom |
| 6:47 | Research | Feudal Age |
| 6:47 | Research | Feudal Age |
| 7:07 | Build | Lumber Camp |
| 7:51 | Build | Barracks |
| 7:56 | Build | House |
| 8:45 | Create | Villager (Male) |
| 8:57 | Age | Feudal Age |
| 9:00 | Build | Archery Range |
| 9:08 | Create | Villager (Male) |
| 9:20 | Build | Archery Range |
| 9:27 | Create | Villager (Male) |
| 9:36 | Create | Villager (Male) |
| 10:05 | Create | Archer |
| 10:06 | Create | Villager (Male) |
| 10:07 | Create | Archer |
| 10:14 | Create | Archer |
| 10:25 | Create | Spearman |
| 10:29 | Build | House |
| 10:39 | Build | Palisade Wall |
| 10:41 | Build | Palisade Wall |
| 10:42 | Build | Palisade Wall |
| 10:50 | Create | Archer |
| 10:51 | Create | Spearman |
| 10:52 | Create | Villager (Male) |
| 11:13 | Create | Spearman |
| 11:17 | Create | Archer |
| 11:35 | Build | House |
| 11:47 | Create | Archer |
| 11:50 | Build | Blacksmith |
| 11:59 | Create | Villager (Male) |
| 12:07 | Create | Archer |
| 12:11 | Create | Villager (Male) |
| 12:27 | Create | Villager (Male) |
| 12:28 | Create | Archer |
| 12:44 | Build | House |
| 13:01 | Build | Mill |
| 13:17 | Create | Archer |
| 13:41 | Build | Farm |
| 14:07 | Build | House |
| 14:11 | Create | Villager (Male) |
| 14:27 | Build | House |
| 14:27 | Create | Villager (Male) |
| 14:43 | Build | Farm |
| 14:45 | Build | Farm |
| 14:56 | Build | Farm |
| 14:57 | Build | Farm |
| 14:59 | Create | Villager (Male) |
| 15:04 | Create | Archer |
| 15:07 | Build | Palisade Wall |
| 15:11 | Build | Palisade Wall |
| 15:15 | Create | Villager (Male) |
| 15:32 | Build | Farm |
| 15:32 | Build | Farm |
| 15:36 | Research | Fletching |
| 15:37 | Research | Fletching |
| 16:03 | Create | Archer |
| 16:03 | Create | Archer |
| 16:10 | Create | Villager (Male) |
| 16:18 | Build | Farm |
| 16:22 | Build | Stone Wall |
| 16:25 | Create | Archer |
| 16:30 | Create | Villager (Male) |
| 16:34 | Create | Archer |
| 16:41 | Research | Padded Archer Armor |
| 16:43 | Create | Archer |
| 16:51 | Create | Villager (Male) |
| 17:11 | Create | Villager (Male) |
| 17:14 | Create | Archer |
| 17:19 | Research | Double-Bit Axe |
| 17:21 | Create | Villager (Male) |
| 17:23 | Create | Archer |
| 17:32 | Create | Villager (Male) |
| 17:54 | Create | Archer |
| 18:01 | Build | House |
| 18:10 | Create | Archer |
| 18:14 | Create | Villager (Male) |
| 18:15 | Create | Archer |
| 18:19 | Create | Villager (Male) |
| 18:24 | Build | Farm |
| 18:25 | Build | Farm |
| 18:41 | Build | Farm |
| 18:42 | Build | Farm |
| 19:12 | Create | Villager (Male) |
| 19:18 | Build | Market |
| 19:31 | Create | Villager (Male) |
| 19:50 | Build | Farm |
| 19:53 | Build | Farm |
| 20:12 | Build | House |
| 20:14 | Build | Stone Wall |
| 20:21 | Create | Villager (Male) |
| 20:23 | Build | Mining Camp |
| 20:36 | Build | Stone Wall |
| 21:13 | Research | Castle Age |
| 21:13 | Research | Castle Age |
| 21:22 | Create | Archer |
| 21:22 | Create | Archer |
| 21:26 | Create | Archer |
| 21:30 | Create | Archer |
| 22:32 | Build | Archery Range |
| 22:34 | Build | Archery Range |
| 22:37 | Research | Gold Mining |
| 22:38 | Research | Horse Collar |
Match timeline
| 4:25 | Xialian · wall_segment Palisade Wall x4 |
| 4:54 | 黑暗中漫舞. · first_building Barracks |
| 5:31 | Semisky · first_building Barracks |
| 7:01 | Chase_Li · wall_segment Palisade Wall x4 |
| 7:28 | しいな まひる · first_building Barracks |
| 7:45 | Xialian · first_building Barracks |
| 7:51 | 冥想控 · first_building Barracks |
| 8:00 | 牛牛之王王牛牛 · first_building Barracks |
| 8:15 | 4232 · first_building Barracks |
| 8:22 | Chase_Li · wall_segment Palisade Wall x5 |
| 8:36 | Semisky · age_up feudal |
| 8:42 | Semisky · first_building Stable |
| 8:50 | しいな まひる · age_up feudal |
| 8:52 | 黑暗中漫舞. · age_up feudal |
| 8:57 | 冥想控 · age_up feudal |
| 8:57 | Xialian · age_up feudal |
| 8:58 | 牛牛之王王牛牛 · age_up feudal |
| 8:59 | 4232 · age_up feudal |
| 8:59 | しいな まひる · first_building Stable |
| 8:59 | Xialian · first_building Stable |
| 9:00 | 冥想控 · first_building Archery Range |
| 9:01 | 牛牛之王王牛牛 · first_building Archery Range |
| 9:01 | 4232 · first_building Archery Range |
| 9:47 | Chase_Li · wall_segment Palisade Wall x5 |
| 10:16 | Semisky · wall_segment Palisade Wall x6 |
| 10:39 | 冥想控 · wall_segment Palisade Wall x1 |
| 10:41 | 冥想控 · wall_segment Palisade Wall x1 |
| 10:42 | 冥想控 · wall_segment Palisade Wall x1 |
| 11:04 | Xialian · wall_segment Palisade Wall x9 |
| 11:05 | 黑暗中漫舞. · wall_segment Palisade Wall x7 |
| 11:07 | Semisky · wall_segment Palisade Wall x11 |
| 11:34 | Semisky · wall_segment Palisade Wall x8 |
| 12:05 | Chase_Li · age_up feudal |
| 12:08 | 黑暗中漫舞. · wall_segment Palisade Wall x8 |
| 13:37 | Chase_Li · wall_segment Stone Wall x1 |
| 13:38 | Chase_Li · wall_segment Stone Wall x1 |
| 13:43 | Chase_Li · wall_segment Stone Wall x1 |
| 13:47 | Chase_Li · wall_segment Stone Wall x1 |
| 13:50 | Chase_Li · wall_segment Stone Wall x1 |
| 14:49 | Chase_Li · wall_segment Palisade Wall x1 |
| 15:07 | 冥想控 · wall_segment Palisade Wall x1 |
| 15:11 | 冥想控 · wall_segment Palisade Wall x1 |
| 15:28 | Xialian · wall_segment Stone Wall x1 |
| 15:42 | Chase_Li · wall_segment Palisade Wall x1 |
| 16:07 | Chase_Li · age_up castle |
| 16:22 | Chase_Li · first_building Castle |
| 16:22 | 冥想控 · wall_segment Stone Wall x11 |
| 16:49 | Chase_Li · wall_segment Palisade Wall x1 |
| 16:50 | Chase_Li · wall_segment Palisade Wall x1 |
| 16:54 | Chase_Li · wall_segment Palisade Wall x1 |
| 18:03 | しいな まひる · wall_segment Palisade Wall x5 |
| 18:12 | しいな まひる · wall_segment Palisade Wall x11 |
| 18:32 | しいな まひる · wall_segment Palisade Wall x3 |
| 18:35 | Chase_Li · first_market_buy 100 stone |
| 18:46 | 4232 · wall_segment Palisade Wall x3 |
| 18:46 | 4232 · wall_segment Palisade Wall x2 |
| 18:47 | 4232 · wall_segment Palisade Wall x1 |
| 18:49 | 4232 · wall_segment Palisade Wall x5 |
| 19:02 | Chase_Li · wall_segment Stone Wall x1 |
| 19:18 | しいな まひる · wall_segment Palisade Wall x4 |
| 19:19 | Semisky · wall_segment Palisade Wall x1 |
| 19:45 | 黑暗中漫舞. · age_up castle |
| 19:51 | 黑暗中漫舞. · first_building Monastery |
| 19:57 | 4232 · wall_segment Palisade Wall x9 |
| 20:09 | 4232 · wall_segment Palisade Wall x4 |
| 20:14 | 冥想控 · wall_segment Stone Wall x1 |
| 20:36 | 冥想控 · wall_segment Stone Wall x4 |
| 20:42 | 冥想控 · first_market_buy 100 food |
| 21:04 | 4232 · wall_segment Palisade Wall x8 |
| 22:32 | Semisky · wall_segment Palisade Wall x5 |
| 23:03 | Semisky · age_up castle |
| 23:10 | しいな まひる · resign |
[ AI ANALYSIS · 1 CREDIT ]
What really happened in this match?
Wolo.gg analyzes every decision: build order, eco, micro, common mistakes by bracket. Personalized analysis on WhatsApp or Discord in 30 seconds.
Civ guide
Bulgarians
Perfil
Jugador #19551079